AoeStats
← Pyrotechnic

Arabia

504435546Analyzed
4v4 RM · 26d ago on Sep 5, 2026· 52m 25s· 8 players
Game mode
Random Map
Map size
Large (8 player)
Population
200
Speed
Normal
Resources
Standard
Victory
Conquest
Starting age
Dark Age
Ending age
Imperial Age
RankedLock teamsTeams togetherTeam positionsShared explorationLock speedFull tech treeHidden civsTurbo modeCheats
Victory
Defeat
🇮🇩 Chinese · Indonesia
1035
+16
🇳🇿 Khmer · New Zealand
983
+18
🇩🇰 Byzantines · Denmark
980
+18
🇳🇿 Teutons · New Zealand
941
+20
🇦🇺 Magyars · Australia
1099
-22
🇦🇺 Koreans · Australia
1033
-18
🇦🇺 Romans · Australia
995
-17
🇦🇺 Franks · Australia
967
-15
Sir Aldi
0:25 Loom
9:29 Feudal Age
14:42 Horse Collar
16:50 Forging
21:23 Castle Age
19:31 Double-Bit Axe
22:22 Heavy Plow
25:47 Fletching
28:10 Bow Saw
28:40 Wheelbarrow
29:56 Pikeman
30:50 Squires
30:11 Pikeman
32:12 Scale Mail Armor
32:07 Fletching
33:25 Hand Cart
32:55 Town Watch
41:13 Imperial Age
41:02 Chain Mail Armor
42:10 Iron Casting
41:40 Gold Mining
41:40 Stone Mining
41:17 Halberdier
41:26 Halberdier
44:16 Blast Furnace
44:50 Heavy Rocket Cart
46:23 Conscription
47:16 Light Cavalry
48:06 Bloodlines
47:56 Husbandry
48:29 Thumb Ring
51:01 Two-Man Saw
50:26 Ballistics
51:07 Chemistry
50:06 Bodkin Arrow
50:12 Padded Archer Armor
53:00 Plate Mail Armor
sellack
0:34 Loom
11:39 Feudal Age
18:23 Castle Age
18:28 Double-Bit Axe
26:44 Wheelbarrow
30:25 Hand Cart
31:12 Bow Saw
35:00 Imperial Age
36:02 Conscription
36:17 Scale Barding Armor
36:37 Scale Mail Armor
36:45 Husbandry
36:05 Light Cavalry
37:42 Logistica
39:52 Two-Man Saw
38:34 Horse Collar
41:58 Forging
43:25 Iron Casting
43:55 Caravan
44:11 Heavy Plow
44:03 Gold Mining
44:04 Stone Mining
45:46 Fervor
45:56 Sanctity
46:47 Crop Rotation
46:55 Gold Shaft Mining
46:56 Stone Shaft Mining
46:37 Chain Mail Armor
47:27 Chemistry
46:38 Fortified Wall
46:50 Ballistics
48:03 Plate Mail Armor
48:23 Redemption
49:08 Block Printing
51:20 Chain Barding Armor
51:37 Fletching
51:48 Padded Archer Armor
smurfrus
2:18 Loom
6:54 Feudal Age
17:28 Double-Bit Axe
30:30 Castle Age
30:02 Stone Mining
30:02 Gold Mining
29:54 Horse Collar
32:04 Bow Saw
34:08 Husbandry
ManAtArmsMatthew
5:24 Loom
11:47 Feudal Age
23:31 Castle Age
22:20 Fletching
28:32 Bodkin Arrow
28:50 Forging
28:42 Scale Mail Armor
30:38 Iron Casting
52:03 Wheelbarrow
Duzafyze
7:34 Loom
10:09 Feudal Age
16:04 Double-Bit Axe
17:41 Horse Collar
21:12 Fletching
28:33 Castle Age
28:56 Crossbowman
30:11 Bodkin Arrow
35:19 Thumb Ring
43:37 Imperial Age
VanillaChilla
10:38 Feudal Age
8:56 Loom
21:41 Wheelbarrow
26:58 Castle Age
29:24 Husbandry
32:47 Gold Mining
32:48 Stone Mining
33:09 Scale Barding Armor
36:58 Forging
37:09 Chain Barding Armor
41:23 Wheelbarrow
41:27 Gold Shaft Mining
40:44 Double-Bit Axe
47:15 Iron Casting
Pyrotechnic
6:50 Loom
9:16 Feudal Age
24:13 Castle Age
23:01 Scale Barding Armor
23:53 Bloodlines
27:13 Chain Barding Armor
30:12 Husbandry
35:46 Fletching
39:29 Imperial Age
39:40 Cavalier
42:58 Plate Barding Armor
44:20 Bodkin Arrow
45:46 Bracer
46:12 Thumb Ring
47:30 Heavy Cavalry Archer
48:53 Parthian Tactics
49:38 Light Cavalry
51:13 Ballistics
GROOSE
6:04 Loom
10:53 Feudal Age
12:55 Man-at-Arms
14:29 Double-Bit Axe
21:10 Horse Collar
21:41 Forging
21:32 Scale Mail Armor
26:25 Castle Age
26:03 Gold Mining
27:08 Squires
26:31 Pikeman
26:32 Long Swordsman
28:57 Chain Mail Armor
30:37 Iron Casting
39:27 Ballistas
41:56 Imperial Age
40:04 Wheelbarrow
39:15 Town Watch
44:14 Legionary
Connection lost

Rejoining the realm…

Still unreachable

The connection could not be restored.

Session expired

The server has moved on; the page needs a fresh start.